 Dungeon Crawl Stone Soup version 0.18-a0-1435-gee79d65 (webtiles) character file.

235322 Goblin1989 the Tortoise (level 18, -15/151 HPs)
             Began as a Demonspawn Gladiator on Feb 27, 2016.
             Was the Champion of Okawaru.
             Killed from afar by a deep elf annihilator (72 damage)
             ... with an iron shot
             ... led by an ironheart preserver
             ... on level 2 of the Vaults on Feb 28, 2016.
             The game lasted 03:44:34 (35343 turns).

Goblin1989 the Tortoise (Demonspawn Gladiator)     Turns: 35343, Time: 03:44:35

Health: -15/151    AC: 46    Str: 20    XL:     18   Next: 90%
Magic:  22/22      EV:  7    Int:  9    God:    Okawaru [******]
Gold:   3184       SH:  0    Dex: 20    Spells: 1 memorised, 12 levels left

rFire  + . .     SeeInvis .     a - +3 battleaxe (protect)
rCold  + . .     Gourm    .     z - +1 crystal plate armour
rNeg   . . .     Faith    .     (shield currently unavailable)
rPois  +         Spirit   .     R - +2 helmet
rElec  .         Dismiss  .     r - +2 cloak {+Inv}
rCorr  .         Reflect  .     C - +2 pair of gloves
SustAt .         Harm     +     (boots unavailable)
MR     +....                    q - amulet of harm
Stlth  ..........               U - +5 ring of slaying
                                V - ring of poison resistance

@: somewhat resistant to hostile enchantments, extremely unstealthy
A: talons 3, icy blue scales 3, agile 1, fire resistance 1, powered by death 2,
powered by pain 2, robust 1, flame cloud immunity
a: Heroism, Finesse, Renounce Religion, Evoke Invisibility
}: 1/15 runes: gossamer


You were on level 2 of the Vaults.
You worshipped Okawaru.
Okawaru was exalted by your worship.
You were not hungry.

You visited 5 branches of the dungeon, and saw 31 of its levels.
You also visited: Trove, Ossuary, Bailey and Volcano.

You collected 4594 gold pieces.
You spent 1410 gold pieces at shops.

Inventory:

Hand Weapons
 a - a +3 battleaxe of protection (weapon)
 b - a +1 arbalest of freezing
 c - the +9 executioner's axe of Balance {pain, *Rage rN++ Dex+5}
   (You found it in a treasure trove)

   In the hands of one skilled in necromantic magic, it inflicts extra damage on
   living creatures.
   It affects your dexterity (+5).
   It greatly protects you from negative energy.
   It may make you go berserk in combat.
 f - a +6 triple crossbow of flaming
 g - a +8 executioner's axe of flaming
Missiles
 j - 7 silver bolts
 p - 658 bolts (quivered)
 M - 44 bolts of frost
 X - 14 steel bolts
Armour
 r - a +2 cloak of invisibility (worn)
 z - a +1 crystal plate armour (worn)
 C - a +2 pair of gloves (worn)
 R - a +2 helmet (worn)
Jewellery
 q - an amulet of harm (around neck)
 P - an uncursed ring of protection from fire
 Q - an uncursed ring of protection from magic
 S - an uncursed amulet of dismissal
 U - a +5 ring of slaying (right hand)
 V - a ring of poison resistance (left hand)
 Y - an uncursed ring of protection from magic
Wands
 d - a wand of disintegration (15/24)
 A - a wand of disintegration (5/24)
 H - a wand of teleportation (0/9)
 T - a wand of disintegration (17/24)
Scrolls
 e - a scroll of immolation
 i - 4 scrolls of magic mapping
 n - 12 scrolls of teleportation
 s - 10 scrolls of recharging
 v - 14 scrolls of remove curse
 y - 7 scrolls of enchant armour
 B - a scroll of summoning
 E - 5 scrolls of fear
 F - 5 scrolls of fog
 G - 4 scrolls of blinking
Potions
 k - 6 potions of cancellation
 m - 5 potions of curing
 o - 9 potions of ambrosia
 t - a potion of cure mutation
 u - 3 potions of agility
 w - 5 potions of brilliance
 x - 5 potions of flight
 D - 8 potions of berserk rage
 J - 6 potions of haste
 K - 2 potions of lignification
 L - a potion of resistance
 N - 2 potions of might
 W - 8 potions of heal wounds
Comestibles
 h - 22 meat rations
 l - 8 royal jellies
 I - 2 chunks of flesh
 O - 12 bread rations


   Skills:
 + Level 11.3 Fighting
 + Level 17.5 Axes
 * Level 17.3 Crossbows
 - Level 1.7 Throwing
 - Level 17.7 Armour
 + Level 5.7 Dodging
 - Level 6.3 Invocations


You had 12 spell levels left.
You knew the following spells:

 Your Spells              Type           Power        Failure   Level  Hunger
a - Aura of Abjuration    Summ           #.........   100%        5    ######.


Dungeon Overview and Level Annotations

Branches:
Dungeon (15/15)            Temple (0/1) D:7            Lair (8/8) D:10
 Shoals (0/4) Lair:5       Spider (4/4) Lair:6        Slime (0/6) Lair:6
    Orc (2/2) D:11            Elf (0/3) Orc:2        Vaults (2/5) D:14
 Depths (0/5) D:15
  Crypt: Vaults:2-3

Altars:
Cheibriados
Dithmenos
Elyvilon
Fedhas
Gozag
Kikubaaqudgha
Makhleb
Okawaru
Pakellas
Qazlal
Sif Muna
Trog
Vehumet
Xom
Yredelemnul
Zin
Jiyva

Shops:
D:5 !   D:8 (   D:13 *   Orc:2 !=}=

Annotations:
D:9 exclusion: obsidian statue


Innate Abilities, Weirdness & Mutations

You have claws for feet.
You are completely covered in icy blue scales (AC +4, EV -1, rC+).
Your flesh is heat resistant.
You regenerate health from kills.
You sometimes gain power by taking damage.
You are immune to clouds of flame.
You are agile. (Dex +2)
You are robust (+10% HP).


Message History

You miss the deep elf annihilator. You slice the deep elf annihilator!!
You claw the deep elf annihilator!
The deep elf annihilator is moderately wounded.
The deep elf annihilator mumbles some strange words.
The deep elf annihilator blinks!
You slash the deep elf demonologist!
Your kick misses the deep elf demonologist.
The deep elf demonologist is moderately wounded.
The deep elf annihilator casts a spell at you.
The iron shot hits you!
Ouch! That really hurt!
The deep elf demonologist hits you but does no damage.
You slice the deep elf demonologist!!
The deep elf demonologist is almost dead.
You slash the ironheart preserver!
The ironheart preserver is lightly wounded.
The ironheart preserver hits you but does no damage.
The deep elf annihilator points at you and mumbles some strange words.
The iron shot hits you!
You die...

#........'† .......
....##........#.
.......#....##........#.
.......#....##........#.
.[.....#....##........#.
.......#....##........#.
..<....#....###########.
...e...#....# #.
......e@...e# #.
.....4p#....# ###.
....$4.#....# #####..#.
..%....#....# #...##.#.
.......#....# #.#.#..#.
########....# #...##.#.
#....# ##...#..#. #....#
#.......#. #....#
#...<...#.


You could see an ironheart preserver, a deep elf annihilator, a deep elf
demonologist, a hellwing, a rust devil and a deep elf mage.

Vanquished Creatures
  Kirke (Lair:6)
  A fire giant (D:15)
  Roxanne (D:15)
  4 emperor scorpions (Spider:4)
  5 ghost moths
  4 vault wardens
  Maud (Lair:6)
  An orc warlord (Orc:2)
  2 stone giants (Vaults:1)
  3 ironheart preservers (Vaults:1)
  A war gargoyle (D:12)
  2 deep elf annihilators (Vaults:1)
  4 spark wasps
  2 yaktaur captains (Vaults:1)
  5 vault guards
  3 ogre magi
  Josephine (Lair:6)
  A fire dragon (Vaults:1)
  An entropy weaver (Spider:1)
  Harold (Lair:2)
  6 hydras
  A death knight (D:12)
  A catoblepas (D:14)
  6 centaur warriors
  A tengu warrior (D:12)
  3 orc high priests (Orc:2)
  Nergalle (Orc:1)
  A fire crab (Lair:8)
  7 skeletal warriors
  3 deep trolls (Vaults:1)
  An unseen horror (D:15)
  2 wizards (D:14)
  4 deep elf archers
  The ghost of Liam the Destroyer, a novice DECj of Vehumet (D:7)
  5 ironbrand convokers (Vaults:1)
  A phantasmal warrior (D:12)
  A wolf spider zombie (D:15)
  5 hill giants
  10 orc knights
  34 wolf spiders
  6 deep elf magi
  Pikel (D:6)
  4 hornets
  7 griffons
  22 orb spiders
  10 orc sorcerers
  2 manticores
  15 ugly things
  5 cyclopes
  A moth of wrath (Spider:4)
  A toenail golem (Volcano)
  29 elephants
  7 black mambas
  6 vault sentinels
  21 spiny frogs
  A torpor snail (Lair:7)
  3 rime drakes
  A spiny frog (shapeshifter) (D:14)
  2 efreet
  A komodo dragon (shapeshifter) (D:12)
  9 demonic crawlers
  8 yaktaurs
  11 komodo dragons
  A redback zombie (D:10)
  3 freezing wraiths
  40 jumping spiders
  9 trolls
  2 red devils (Volcano)
  A polar bear (Lair:7)
  2 giant leeches (Lair:8)
  6 two-headed ogres (Vaults:1)
  10 slime creatures
  3 boulder beetles
  10 blink frogs (Lair:8)
  115 redbacks
  2 shadows
  Sigmund (D:5)
  59 yaks
  2 water elementals (D:13)
  A yak (shapeshifter) (Vaults:2)
  43 tarantellas
  A vampire (D:9)
  3 wyverns
  A hog (shapeshifter) (Vaults:1)
  5 hogs (Lair:6)
  5 wraiths
  16 hippogriffs
  22 humans (D:14)
  15 vampire mosquitoes
  A basilisk (Lair:4)
  A hippogriff (shapeshifter) (D:13)
  10 wargs
  A mottled dragon (D:10)
  14 wolves
  6 hungry ghosts
  14 porcupines
  11 water moccasins
  2 eyes of draining
  2 sky beasts
  2 black bears
  3 ice beasts
  3 slaves (D:6)
  43 orc warriors
  7 wasps
  A necrophage (D:9)
  4 phantoms
  13 centaurs
  32 ogres
  12 crocodiles
  5 big kobolds
  26 giant frogs
  A gnoll sergeant (Orc:1)
  2 wyvern zombies
  A water moccasin zombie (Ossuary)
  A wyvern skeleton (D:12)
  5 scorpions
  4 killer bees (D:12)
  15 wights
  An elf simulacrum (Vaults:2)
  5 electric eels
  A bog body (Ossuary)
  9 howler monkeys
  9 crimson imps
  10 centaur zombies
  A wasp zombie (D:11)
  2 quasits (D:12)
  3 giant frog zombies
  6 centaur skeletons
  4 hounds
  A human simulacrum (Vaults:2)
  4 giant frog skeletons
  21 orc priests
  Crazy Yiuf (D:2)
  5 jellies
  30 orc wizards
  11 iguanas
  9 worker ants
  A killer bee zombie (Ossuary)
  23 sheep
  3 hound zombies (Ossuary)
  A hound skeleton (D:7)
  14 mummies
  5 worker ant zombies (Ossuary)
  8 gnolls
  15 adders
  83 river rats
  2 shadow imps (D:10)
  A white imp (Vaults:1)
  6 oozes
  2 adder zombies (Ossuary)
  A dart slug (D:4)
  2 worms (D:4)
  6 giant geckos
  98 orcs
  3 ball pythons
  7 giant cockroaches
  2 gnoll zombies (D:3)
  6 hobgoblins
  13 jackals
  34 kobolds
  3 quokkas
  8 bats
  7 giant newts
  11 goblins
  A jackal zombie (Ossuary)
  A quokka skeleton (D:4)
  A quokka zombie (Ossuary)
  9 rats
  13 fungi
  8 plants
1462 creatures vanquished.

Vanquished Creatures (others)
  An orb spider (Spider:2)
  A redback (Spider:3)
  A sky beast (D:10)
  A wight (D:12)
  A sheep (Lair:8)
  An orc (D:6)
  8 fungi
  9 plants
  2 withered plants (Ossuary)
25 creatures vanquished.

Grand Total: 1487 creatures vanquished

Notes
Turn   | Place    | Note
--------------------------------------------------------------
     0 | D:1      | Goblin1989 the Demonspawn Gladiator began the quest for the Orb.
     0 | D:1      | Reached XP level 1. HP: 16/16 MP: 1/1
   278 | D:1      | Gained mutation: You regenerate a little health from kills. [demonic ancestry]
   278 | D:1      | Reached XP level 2. HP: 20/22 MP: 2/2
   926 | D:2      | Noticed Crazy Yiuf
   939 | D:2      | Killed Crazy Yiuf
   939 | D:2      | Gained mutation: You sometimes gain a little power by taking damage. [demonic ancestry]
   939 | D:2      | Reached XP level 3. HP: 4/27 MP: 3/3
  1084 | D:2      | Found a glowing silver altar of Zin.
  1771 | D:3      | Gained mutation: You are partially covered in icy blue scales (AC +1). [demonic ancestry]
  1771 | D:3      | Reached XP level 4. HP: 33/33 MP: 4/4
  1782 | D:3      | Found a shadowy altar of Dithmenos.
  1951 | D:3      | Found a blossoming altar of Fedhas.
  2052 | D:3      | Found an opulent altar of Gozag.
  2209 | D:3      | Found a basalt altar of Yredelemnul.
  2377 | D:3      | Found a burning altar of Makhleb.
  2381 | D:3      | Reached skill level 5 in Axes
  2532 | D:4      | Gained mutation: You are mostly covered in icy blue scales (AC +3, EV -1). [demonic ancestry]
  2532 | D:4      | Reached XP level 5. HP: 38/38 MP: 5/5
  2664 | D:4      | Reached XP level 6. HP: 27/44 MP: 6/6
  2857 | D:4      | Found a snail-covered altar of Cheibriados.
  2857 | D:4      | Found an iron altar of Okawaru.
  2866 | D:4      | Found a white marble altar of Elyvilon.
  2875 | D:4      | Became a worshipper of Warmaster Okawaru
  2969 | D:4      | Gained mutation: You are completely covered in icy blue scales (AC +4, EV -1, rC+). [demonic ancestry]
  2969 | D:4      | Reached XP level 7. HP: 47/50 MP: 7/7
  3577 | D:4      | Found an oddly glowing altar of Pakellas.
  3577 | D:4      | Found a deep blue altar of Sif Muna.
  3601 | D:5      | Entered Level 5 of the Dungeon
  3643 | D:5      | Found Ylinn's Distillery.
  3652 | D:5      | Bought a potion of flight for 33 gold pieces
  3652 | D:5      | Bought a potion of heal wounds for 55 gold pieces
  3652 | D:5      | Bought a potion of lignification for 33 gold pieces
  3652 | D:5      | Bought a potion of mutation for 27 gold pieces
  3652 | D:5      | Bought a potion of curing for 33 gold pieces
  3652 | D:5      | Bought a potion of curing for 33 gold pieces
  3701 | D:5      | Noticed Sigmund
  3704 | D:5      | Reached * piety under Okawaru
  3729 | D:5      | Killed Sigmund
  3729 | D:5      | Gained mutation: You have sharp toenails. [demonic ancestry]
  3729 | D:5      | Reached XP level 8. HP: 23/56 MP: 8/8
  4272 | D:5      | Found a bloodstained altar of Trog.
  4289 | D:5      | Reached skill level 10 in Axes
  4464 | D:6      | Found a stormy altar of Qazlal.
  4899 | D:6      | Noticed Pikel
  4926 | D:6      | Killed Pikel
  4926 | D:6      | Reached ** piety under Okawaru
  4926 | D:6      | Reached XP level 9. HP: 48/66 MP: 9/9
  5009 | D:6      | Found an iron altar of Okawaru.
  5035 | D:6      | Found an ancient bone altar of Kikubaaqudgha.
  5317 | D:6      | Learned a level 5 spell: Aura of Abjuration
  5528 | D:6      | Reached skill level 5 in Fighting
  5776 | D:7      | Noticed Liam's ghost (novice DECj)
  5791 | D:7      | Killed Liam's ghost
  5791 | D:7      | Reached *** piety under Okawaru
  5809 | D:7      | Found a staircase to the Ecumenical Temple.
  6370 | D:8      | Found a sand-covered staircase.
  6382 | Ossuary  | Entered an ossuary
  6517 | Ossuary  | Reached **** piety under Okawaru
  6614 | Ossuary  | Gained mutation: You have razor-sharp toenails. [demonic ancestry]
  6614 | Ossuary  | Reached XP level 10. HP: 80/80 MP: 10/10
  6755 | D:8      | Got a translucent great mace
  6960 | D:8      | Found Soke's Weapon Emporium.
  6968 | D:8      | Bought a +0 hand crossbow for 52 gold pieces
  7264 | D:9      | Reached skill level 1 in Armour
  7271 | D:9      | Reached skill level 1 in Crossbows
  7271 | D:9      | Reached skill level 1 in Invocations
  7374 | D:9      | Noticed an obsidian statue
  7376 | D:9      | Noticed an orange demon
  7591 | D:9      | Found a radiant altar of Vehumet.
  7651 | D:9      | Found a blossoming altar of Fedhas.
  8229 | D:10     | Entered Level 10 of the Dungeon
  8289 | D:10     | Noticed a hill giant
  8289 | D:10     | Noticed a hill giant
  8313 | D:10     | Killed a hill giant
  8703 | D:10     | Received a gift from Okawaru
  8864 | D:10     | Killed a hill giant
  8864 | D:10     | Reached skill level 5 in Armour
  8921 | D:10     | Reached ***** piety under Okawaru
  8921 | D:10     | Reached XP level 11. HP: 48/87 MP: 12/12
  9215 | D:10     | Found a staircase to the Lair.
  9565 | D:10     | Received a gift from Okawaru
  9613 | D:11     | Noticed a purple ugly thing
  9630 | D:11     | Killed a purple ugly thing
  9765 | D:11     | Found a staircase to the Orcish Mines.
  9823 | D:11     | Identified a scroll of acquirement
 10239 | D:11     | Reached skill level 5 in Crossbows
 10545 | D:12     | Found a flagged portal.
 10563 | Bailey   | Entered a bailey
 11593 | Bailey   | Noticed an orc knight
 11597 | Bailey   | Found a roughly hewn altar of Beogh.
 11602 | Bailey   | Killed an orc knight
 11886 | D:12     | Identified a +1 pair of boots of running (You acquired it on level 12 of the Dungeon)
 11980 | D:12     | Noticed a vault guard
 11990 | D:12     | Killed a vault guard
 11990 | D:12     | Gained mutation: You regenerate health from kills. [demonic ancestry]
 11990 | D:12     | Reached XP level 12. HP: 70/94 MP: 13/13
 11994 | D:12     | Found a portal to a secret trove of treasure.
 12102 | D:12     | Received a gift from Okawaru
 12136 | D:12     | Noticed a death knight
 12168 | D:12     | Killed a death knight
 12168 | D:12     | Reached skill level 10 in Armour
 12533 | Lair:1   | Entered Level 1 of the Lair of Beasts
 13757 | Lair:2   | Received a gift from Okawaru
 13840 | Lair:2   | Noticed Harold
 13859 | Lair:2   | Killed Harold
 14148 | Lair:2   | Gained mutation: You sometimes gain power by taking damage. [demonic ancestry]
 14148 | Lair:2   | Reached XP level 13. HP: 93/99 MP: 15/15
 14160 | Lair:2   | Reached ****** piety under Okawaru
 15811 | Lair:3   | Reached skill level 5 in Invocations
 15825 | Lair:3   | Received a gift from Okawaru
 17159 | Lair:5   | Found a staircase to the Shoals.
 17243 | Lair:5   | Found a dark tunnel.
 17255 | Volcano  | Entered a volcano
 17466 | Lair:5   | Received a gift from Okawaru
 17694 | Lair:5   | Gained mutation: You have claws for feet. [demonic ancestry]
 17694 | Lair:5   | Reached XP level 14. HP: 106/106 MP: 18/18
 18133 | Lair:6   | Found a viscous altar of Jiyva.
 18145 | Lair:6   | Found a staircase to the Slime Pits.
 18287 | Lair:6   | Received a gift from Okawaru
 18332 | Lair:6   | Noticed Kirke
 18421 | Lair:6   | Killed Kirke
 18421 | Lair:6   | Received a gift from Okawaru
 18500 | Lair:6   | Reached skill level 15 in Armour
 18505 | Lair:6   | Noticed Josephine
 18514 | Lair:6   | Killed Josephine
 18627 | Lair:6   | Noticed Maud
 18640 | Lair:6   | Killed Maud
 18640 | Lair:6   | Reached skill level 15 in Axes
 18708 | Lair:6   | Found a hole to the Spider Nest.
 18868 | Lair:7   | Gained mutation: Your flesh is heat resistant. [demonic ancestry]
 18868 | Lair:7   | Reached XP level 15. HP: 104/112 MP: 16/19
 19627 | Lair:8   | Entered Level 8 of the Lair of Beasts
 19760 | Lair:8   | Received a gift from Okawaru
 19978 | Lair:8   | Reached skill level 10 in Crossbows
 21441 | D:12     | You paid a toll of 15 potions of curing to enter a treasure trove
 21442 | Trove    | Entered a treasure trove
 21451 | Trove    | Got a fine executioner's axe
 21452 | Trove    | Identified the +9 executioner's axe of Balance {pain, *Rage rN++ Dex+5} (You found it in a treasure trove)
 21485 | Trove    | Got a scorched battleaxe
 21486 | Trove    | Identified the cursed +0 battleaxe of Oozing Pus {antimagic, Stlth+} (You found it in a treasure trove)
 21585 | Orc:1    | Entered Level 1 of the Orcish Mines
 21590 | Orc:1    | Noticed Nergalle
 21612 | Orc:1    | Killed Nergalle
 21612 | Orc:1    | Received a gift from Okawaru
 21960 | Orc:2    | Entered Level 2 of the Orcish Mines
 21967 | Orc:2    | Found a staircase to the Elven Halls.
 22017 | Orc:2    | Paralysed by an orc sorcerer for 6 turns
 22176 | Orc:2    | Found a shimmering altar of Xom.
 22436 | Orc:2    | Noticed an orc warlord
 22443 | Orc:2    | Gained mutation: You are immune to clouds of flame. [demonic ancestry]
 22443 | Orc:2    | Reached XP level 16. HP: 118/118 MP: 17/20
 22602 | Orc:2    | Found Siw Muis's Jewellery Shoppe.
 22602 | Orc:2    | Found Piablum's Distillery.
 22639 | Orc:2    | Found Risu's Gadget Boutique.
 22639 | Orc:2    | Found Cuedauc's Jewellery Boutique.
 22669 | Orc:2    | Bought 2 potions of cancellation for 256 gold pieces
 22669 | Orc:2    | Bought a potion of heal wounds for 80 gold pieces
 22669 | Orc:2    | Bought a potion of curing for 48 gold pieces
 22669 | Orc:2    | Bought a potion of heal wounds for 80 gold pieces
 22669 | Orc:2    | Bought a potion of curing for 48 gold pieces
 22669 | Orc:2    | Bought a potion of heal wounds for 80 gold pieces
 23674 | D:13     | Found Esywisy's General Store.
 23695 | D:13     | Bought a potion of curing for 36 gold pieces
 23695 | D:13     | Bought a potion of haste for 120 gold pieces
 23695 | D:13     | Bought 2 potions of cancellation for 192 gold pieces
 23695 | D:13     | Bought a meat ration for 60 gold pieces
 23695 | D:13     | Bought a potion of haste for 120 gold pieces
 23695 | D:13     | Bought a scroll of identify for 24 gold pieces
 23700 | D:13     | Gained mutation: You are robust (+10% HP). [potion of beneficial mutation]
 23938 | D:14     | Received a gift from Okawaru
 24505 | D:14     | Found a gate to the Vaults.
 24560 | D:14     | Received a gift from Okawaru
 24769 | D:15     | Entered Level 15 of the Dungeon
 24769 | D:15     | Noticed Roxanne
 24782 | D:15     | Killed Roxanne
 24908 | D:15     | Found a staircase to the Depths.
 25996 | Spider:1 | Entered Level 1 of the Spider Nest
 26707 | Spider:1 | Reached XP level 17. HP: 133/137 MP: 21/21
 28096 | Spider:1 | Reached skill level 15 in Crossbows
 28249 | Spider:2 | Received a gift from Okawaru
 30157 | Spider:4 | Entered Level 4 of the Spider Nest
 30535 | Spider:4 | Gained mutation: You are agile. (Dex +2) [potion of beneficial mutation]
 31015 | Spider:3 | Received a gift from Okawaru
 31054 | Spider:4 | Reached skill level 10 in Fighting
 31088 | Spider:4 | Received a gift from Okawaru
 31611 | Spider:4 | Reached XP level 18. HP: 126/148 MP: 22/22
 31908 | Spider:4 | Upgraded the game from 0.18-a0-1426-g3b9a63c to 0.18-a0-1435-gee79d65
 32237 | Spider:4 | Got a gossamer rune of Zot
 32701 | D:14     | Received a gift from Okawaru
 32731 | Vaults:1 | Entered Level 1 of the Vaults
 33214 | Vaults:1 | Received a gift from Okawaru
 33789 | Vaults:1 | Reached skill level 5 in Dodging
 35343 | Vaults:2 | Killed from afar by a deep elf annihilator

Vault maps used:
D:1:      dpeg_arrival_prison, minmay_shallow_snake_nest
D:2:      lemuel_coloured_pillars_altar, uniq_crazy_yiuf_cottage
D:3:      nicolae_gozag_cash_rules_everything_around_me,
          lemuel_zombie_altar_yredelemnul, nicolae_dithmenos_shadow_blocks,
          makhleb_grotto_becter, fedhas_altar_1
D:4:      grunt_temple_overflow_open, gammafunk_temple_overflow_elements,
          gup_sewer_entry_spiral, st_stairs_4
D:5:      first_bread, serial_shops, nicolae_shop_statue_plus, serial_curves,
          eino_curves_04, eino_curves_04, eino_curves_02, eino_curves_04,
          trog_butcher_becter, uniq_sigmund
D:6:      grunt_qazlal_sundering, kiku_gazebo_pond_becter,
          okawaru_metal_pillars_3, uniq_pikel
D:7:      minmay_temple_entry_glassed_door
D:8:      serial_shops, nicolae_shop_crystal, gup_ossuary_entry_pyramid
D:9:      minmay_separated_statues, kennysheep_mini_moat, kennysheep_mini
D:10:     erik_lair_dragon
D:11:     minmay_orc_entry_guard_dogs
D:12:     hourglass_vault, enter_bailey_3, enter_trove_5, lab_entry_generic
D:13:     serial_shops, shop
D:14:     grunt_vaults_entry_tiered, kennysheep_nub,
          hangedman_little_slice_of_home
D:15:     grunt_enter_depths_giant_problem, minmay_misc_feat_x, uniq_roxanne
Lair:1:   nicolae_lair_grove_arrangements
Lair:2:   mu_elephants_graveyard, minivault_24, infiniplex_staircase_pool_2,
          uniq_harold
Lair:5:   elwin_shoals_entry_rocks, lightli_volcano_entry_magma_tube,
          serial_bayou_pond_b, grunt_megastairs_3
Lair:6:   spider_nest_entry_webs, slime_altar_1, lemuel_fruit_fields, uniq_maud,
          uniq_josephine, uniq_kirke
Lair:7:   grunt_megastairs_2
Lair:8:   minmay_lair_end_frog_pond
Spider:1: spider_trap, nicolae_spider_webbed_stairs
Spider:2: nicolae_spider_circle_web, spider_trap
Spider:3: spider_trap
Spider:4: spider_rune_water, guppyfry_spider_mini_2
Orc:1:    uniq_nergalle
Orc:2:    st_orc_elflike, basic_altar
Vaults:1: v_misc_11, vaults_room_fancy_cross, nicolae_vaults_border_crossing,
          v_misc_5, vaults_room_fours, serial_ice_h, vaults_room_pool
Vaults:2: nicolae_vaults_mini_display_case, hangedman_vaults_impose,
          hangedman_vaults_maws, v_alt_pattern_5, grunt_vaults_hallway_short,
          vaults_room_door_ring, grunt_vaults_diagonal, basic_altar
Trove:    trove_weapon_2
Ossuary:  ossuary_zaba_flooded
Bailey:   bailey_polearm_2, bailey
Volcano:  volcano_pools

Skill      XL: |  1  2  3  4  5  6  7  8  9 10 11 12 13 14 15 16 17 18 |
---------------+-------------------------------------------------------+-----
Axes           | 3 4 5 6 7 9 10 11 12 13 14 15 16 17 | 17.5
Fighting       | 4 8 9 10 11 | 11.3
Armour         | 5 9 12 14 15 17 | 17.7
Crossbows      | 3 5 7 8 9 10 14 16 17 | 17.3
Invocations    | 2 3 6 |  6.3
Dodging        | 3 5 |  5.7
Throwing       | |  1.7

Action                   |  1- 3 |  4- 6 |  7- 9 | 10-12 | 13-15 | 16-18 || total
-------------------------+-------+-------+-------+-------+-------+-------++-------
Melee: War axe           |   108 |   164 |   344 |   472 |       |       ||  1088
       Battleaxe         |       |       |       |   378 |  1061 |  1256 ||  2695
       Executioner's axe |       |       |       |       |    14 |   148 ||   162
 Fire: Triple crossbow   |       |       |       |       |       |    10 ||    10
       Arbalest          |       |       |       |       |       |    74 ||    74
Invok: Heroism           |       |       |     4 |    11 |    14 |    12 ||    41
       Finesse           |       |       |       |     1 |     2 |     5 ||     8
Evoke: Wand              |       |       |       |     5 |     7 |     4 ||    16
  Use: Scroll            |       |     9 |     2 |    22 |     7 |    12 ||    52
       Potion            |       |     2 |     2 |       |     3 |     7 ||    14
 Stab: Sleeping          |     1 |       |       |       |       |       ||     1
       Distracted        |       |       |       |       |       |     1 ||     1
  Eat: Chunk             |     2 |     5 |     8 |    19 |    25 |    20 ||    79
       Pizza             |       |       |     1 |     2 |     1 |     2 ||     6
       Beef jerky        |       |       |     1 |     3 |     1 |       ||     5
       Royal jelly       |       |       |     1 |     1 |       |     6 ||     8
       Bread ration      |       |       |       |     1 |     1 |       ||     2
       Fruit             |       |       |       |       |     3 |    12 ||    15
       Meat ration       |       |       |       |       |       |     1 ||     1
